 Dungeon Crawl Stone Soup version 0.24.0-2-g5b39cebb1c (webtiles) character file.

Game seed: 7975151931023350674, levelgen mode: deterministic

4270 mopl the Magician (level 10, 0/77 HPs)
             Began as a Gnoll Warper on Oct 29, 2019.
             Was an Initiate of Ru.
             Slain by a water moccasin zombie (4 damage)
             ... on level 8 of the Dungeon.
             The game lasted 00:13:01 (7474 turns).

mopl the Magician (Gnoll Warper)                    Turns: 7474, Time: 00:13:01

Health: 0/77       AC:  6    Str: 17    XL:     10   Next: 31%
Magic:  18/20      EV: 15    Int: 16    God:    Ru [......]
Gold:   370        SH:  0    Dex: 14    Spells: 21/23 levels left

rFire    + . .     SeeInvis +   a - +0 trident
rCold    . . .     Gourm    .   (no shield)
rNeg     . . .     Faith    .   i - +0 ring mail
rPois    .         Spirit   .   (no helmet)
rElec    .         Reflect  .   (no cloak)
rCorr    .         Harm     .   (no gloves)
MR       .....                  (no boots)
Stlth    ++........             M - amulet of regeneration
HPRegen  0.62/turn              u - ring of see invisible
MPRegen  0.17/turn              L - ring of protection from fire

@: lethally poisoned (0 -> 0)
A: distributed training, fangs 1, strong nose
a: Renounce Religion


You were on level 8 of the Dungeon.
You worshipped Ru.
Ru was noncommittal.
You were not hungry.

You visited 2 branches of the dungeon, and saw 9 of its levels.

You collected 370 gold pieces.

Inventory:

Hand Weapons
 a - a +0 trident (weapon)
 b - a +0 hunting sling of flaming
 H - a +2 flail of venom
 K - a +2 falchion of venom
Missiles
 e - 5 boomerangs of dispersal
 g - 197 stones
 s - 16 boomerangs (quivered)
 v - 30 poisoned darts
 y - 73 arrows
 A - 19 bolts
Armour
 i - a +0 ring mail (worn)
 t - a +0 shield
 w - a +2 large shield
 B - a +0 leather armour
Jewellery
 u - a ring of see invisible (left hand)
 E - an uncursed amulet of faith
 J - an uncursed amulet of guardian spirit
 L - a ring of protection from fire (right hand)
 M - an amulet of regeneration (around neck)
 O - an uncursed ring of flight
Wands
 S - a wand of polymorph (9)
Scrolls
 c - 3 scrolls of enchant weapon
 d - 3 scrolls of blinking
 h - 3 scrolls of magic mapping {unknown}
 j - 3 scrolls of random uselessness {unknown}
 k - 8 scrolls of teleportation
 l - 3 scrolls of amnesia
 m - 3 scrolls of fog
 p - a scroll of enchant armour {unknown}
 q - 4 scrolls of immolation {unknown}
 D - 3 scrolls of remove curse
 P - a scroll of fear {unknown}
 R - a scroll of vulnerability {unknown}
Potions
 n - a potion of haste
 o - a potion of berserk rage
 r - a potion of invisibility
 z - 2 potions of brilliance {unknown}
 C - 2 potions of curing
 F - 2 potions of flight {unknown}
 G - a potion of magic {unknown}
 I - a potion of lignification
 N - a potion of mutation
Comestibles
 f - 20 rations
 x - 3 chunks of flesh


   Skills:
 + Level 6.9 Fighting
 + Level 5.0 Short Blades
 + Level 5.0 Long Blades
 + Level 5.0 Axes
 + Level 5.0 Maces & Flails
 + Level 6.9 Polearms
 + Level 5.0 Staves
 + Level 5.0 Slings
 + Level 5.0 Bows
 + Level 5.0 Crossbows
 + Level 5.7 Throwing
 + Level 5.7 Armour
 + Level 6.9 Dodging
 + Level 5.0 Stealth
 + Level 5.0 Shields
 + Level 5.0 Unarmed Combat
 + Level 7.2 Spellcasting
 + Level 4.2 Conjurations
 + Level 4.2 Hexes
 + Level 4.2 Charms
 + Level 4.2 Summonings
 + Level 4.2 Necromancy
 + Level 7.0 Translocations
 + Level 4.2 Transmutations
 + Level 4.2 Fire Magic
 + Level 4.2 Ice Magic
 + Level 4.2 Air Magic
 + Level 4.2 Earth Magic
 + Level 4.2 Poison Magic
 + Level 5.5 Invocations
 + Level 5.0 Evocations


You had 21 spell levels left.
You knew the following spells:

 Your Spells              Type           Power        Failure   Level  Hunger
e - Blink                 Tloc           N/A          1%          2    None

Your spell library contained the following spells:

 Spells                   Type           Power        Failure   Level  Hunger
 Sandblast                Erth           ###...       3%          1    None
 Summon Small Mammal      Summ           ###.         3%          1    None
 Shroud of Golubria       Chrm/Tloc      ###...       3%          2    None
 Gell's Gravitas          Tloc           ####......   3%          3    ##.....
 Lesser Beckoning         Tloc           ####......   3%          3    ##.....
 Teleport Other           Tloc           ####....     3%          3    ##.....
 Call Imp                 Summ           ###.....     5%          2    None
 Passwall                 Tmut/Erth      ###.....     5%          2    None
 Call Canine Familiar     Summ           ###.....     11%         3    ##.....
 Stone Arrow              Conj/Erth      ###...       11%         3    ##.....
 Summon Guardian Golem    Hex/Summ       ###.....     11%         3    ##.....
 Passage of Golubria      Tloc           N/A          12%         4    ####...
 Petrify                  Tmut/Erth      ###.....     36%         4    ####...
 Summon Ice Beast         Ice/Summ       ###.....     36%         4    ####...
 Summon Lightning Spire   Summ/Air       ###.....     36%         4    ####...
 Lee's Rapid Deconstruct  Erth           ###.......   71%         5    #####..


Dungeon Overview and Level Annotations

Branches:
Dungeon (8/15)             Temple (1/1) D:7
   Lair: D:8-11

Altars:
Ashenzari
Cheibriados
Dithmenos
Elyvilon
Fedhas
Gozag
Hepliaklqana
Kikubaaqudgha
Makhleb
Okawaru
Qazlal
Ru
Sif Muna
Trog
Uskayaw
Vehumet
Wu Jian
Xom
Yredelemnul
Zin
The Shining One


Innate Abilities, Weirdness & Mutations

Your experience applies equally to all skills.
You have very sharp teeth.
Your uncanny sense of smell can sniff out nearby items.


Message History

You barely miss the water moccasin zombie.
The water moccasin zombie is moderately damaged.
You feel sick.
The water moccasin zombie completely misses you.
Unknown command.
You puncture the water moccasin zombie! You punch the water moccasin zombie.
The water moccasin zombie is severely damaged.
You feel sick.
The water moccasin zombie bites you but does no damage.
You hit the water moccasin zombie.
The water moccasin zombie is severely damaged.
You feel sick. The water moccasin zombie bites you!
* * * LOW HITPOINT WARNING * * *
You closely miss the water moccasin zombie.
The water moccasin zombie is severely damaged.
The water moccasin zombie barely misses you.
Casting: Blink (safe; 1% risk of failure)
Confirm with . or Enter, or press ? or * to list all spells.
You blink.
You feel sick. The water moccasin zombie bites you.
You die...

##
########################
...
..........÷...§Z@..÷..(#
....
######################.#
..... ######.##......
#........y.y...
##.###.##..Zy.. ....
..... ####. #.#. .. # ..


You could see a water moccasin zombie.

Vanquished Creatures
  A deep elf mage (D:8)
  A hornet (D:8)
  A hippogriff (D:8)
  A wyvern (D:7)
  A human (D:7)
  4 hogs (D:7)
  Edmund (D:5)
  An orc warrior (D:7)
  An ice beast (D:8)
  A sky beast (D:7)
  A black bear (D:7)
  2 phantoms
  4 ogres
  A centaur (D:6)
  5 bullfrogs
  A wyvern zombie (D:6)
  A water moccasin zombie (D:6)
  A scorpion (D:7)
  3 killer bees (D:8)
  3 howler monkeys
  2 crimson imps (D:6)
  A centaur zombie (D:8)
  2 hounds
  A bullfrog skeleton (D:4)
  An orc priest (D:6)
  A centaur skeleton (D:4)
  4 orc wizards
  An iron imp (D:7)
  2 iguanas
  5 worker ants
  A hound zombie (D:5)
  A hound skeleton (D:8)
  A worker ant zombie (D:7)
  9 adders
  An ooze (D:3)
  4 worms
  A dart slug (D:1)
  5 leopard geckos
  17 orcs
  13 bats
  11 giant cockroaches
  9 goblins
  7 hobgoblins
  11 jackals
  5 quokkas
  2 ball pythons (D:2)
  5 frilled lizards
  A jackal skeleton (D:5)
  6 kobolds
  13 rats
178 creatures vanquished.

Notes
Turn   | Place    | Note
-------+----------+-------------------------------------------
     0 | D:1      | mopl the Gnoll Warper began the quest for the Orb.
     0 | D:1      | Reached XP level 1. HP: 20/20 MP: 6/6
   122 | D:1      | Reached XP level 2. HP: 26/26 MP: 7/7
   424 | D:1      | Reached XP level 3. HP: 31/31 MP: 9/9
   431 | D:1      | Reached skill level 5 in Spellcasting
   578 | D:1      | Reached skill level 1 in Invocations
   864 | D:2      | Learned a level 2 spell: Blink
   898 | D:2      | Reached skill level 1 in Short Blades
   898 | D:2      | Reached skill level 1 in Long Blades
   898 | D:2      | Reached skill level 1 in Axes
   898 | D:2      | Reached skill level 1 in Maces & Flails
   898 | D:2      | Reached skill level 1 in Staves
   898 | D:2      | Reached skill level 1 in Slings
   898 | D:2      | Reached skill level 1 in Bows
   898 | D:2      | Reached skill level 1 in Crossbows
   898 | D:2      | Reached skill level 1 in Stealth
   898 | D:2      | Reached skill level 1 in Shields
   898 | D:2      | Reached skill level 1 in Unarmed Combat
   898 | D:2      | Reached skill level 1 in Evocations
   920 | D:2      | Reached XP level 4. HP: 30/38 MP: 11/11
  1757 | D:3      | Reached skill level 1 in Conjurations
  1757 | D:3      | Reached skill level 1 in Hexes
  1757 | D:3      | Reached skill level 1 in Charms
  1757 | D:3      | Reached skill level 1 in Summonings
  1757 | D:3      | Reached skill level 1 in Necromancy
  1757 | D:3      | Reached skill level 1 in Transmutations
  1757 | D:3      | Reached skill level 1 in Fire Magic
  1757 | D:3      | Reached skill level 1 in Ice Magic
  1757 | D:3      | Reached skill level 1 in Air Magic
  1757 | D:3      | Reached skill level 1 in Earth Magic
  1757 | D:3      | Reached skill level 1 in Poison Magic
  1792 | D:3      | Noticed a bullfrog
  1808 | D:3      | Killed a bullfrog
  1808 | D:3      | Reached XP level 5. HP: 20/43 MP: 12/12
  2631 | D:4      | Reached XP level 6. HP: 43/50 MP: 13/13
  2866 | D:4      | Reached skill level 5 in Fighting
  2866 | D:4      | Reached skill level 5 in Polearms
  2866 | D:4      | Reached skill level 5 in Dodging
  2890 | D:4      | Found a shadowy altar of Dithmenos.
  3334 | D:4      | Found a radiant altar of Vehumet.
  3380 | D:4      | Reached XP level 7. HP: 56/56 MP: 12/15
  3638 | D:5      | Entered Level 5 of the Dungeon
  3754 | D:5      | Found a shimmering altar of Xom.
  4109 | D:5      | Noticed Edmund
  4177 | D:5      | Killed Edmund
  4256 | D:5      | Found a blossoming altar of Fedhas.
  5083 | D:6      | Reached XP level 8. HP: 53/63 MP: 16/16
  6033 | D:7      | Reached XP level 9. HP: 60/69 MP: 15/18
  6064 | D:7      | Found a staircase to the Ecumenical Temple.
  6159 | D:7      | Found a burning altar of Makhleb.
  6176 | Temple   | Entered the Ecumenical Temple
  6233 | Temple   | Became a worshipper of Ru the Awakened
  6368 | D:7      | Found a snail-covered altar of Cheibriados.
  6709 | D:7      | Reached skill level 5 in Throwing
  6709 | D:7      | Reached skill level 5 in Armour
  6848 | D:7      | Reached skill level 5 in Invocations
  6986 | D:8      | Noticed a hornet
  6988 | D:8      | Paralysed by a hornet for 2 turns
  6995 | D:8      | Paralysed by a hornet for 1 turns
  6999 | D:8      | Killed a hornet
  7100 | D:8      | Reached XP level 10. HP: 54/77 MP: 13/20
  7133 | D:8      | Noticed a deep elf mage
  7194 | D:8      | Killed a deep elf mage
  7194 | D:8      | Reached skill level 5 in Short Blades
  7194 | D:8      | Reached skill level 5 in Long Blades
  7194 | D:8      | Reached skill level 5 in Axes
  7194 | D:8      | Reached skill level 5 in Maces & Flails
  7194 | D:8      | Reached skill level 5 in Staves
  7194 | D:8      | Reached skill level 5 in Slings
  7194 | D:8      | Reached skill level 5 in Bows
  7194 | D:8      | Reached skill level 5 in Crossbows
  7194 | D:8      | Reached skill level 5 in Stealth
  7194 | D:8      | Reached skill level 5 in Shields
  7194 | D:8      | Reached skill level 5 in Unarmed Combat
  7194 | D:8      | Reached skill level 5 in Evocations
  7233 | D:8      | Found a basalt altar of Yredelemnul.
  7474 | D:8      | Slain by a water moccasin zombie

Levels and vault maps discovered:
D:1:      minmay_arrival_checkered_box, layout_basic, minmay_heptomino_w4
D:2:      layout_rooms, grunt_ministairs_7, minmay_misc_feat_five,
          patterned_corridor
D:3:      layout_loops_ring
D:4:      layout_basic, nicolae_dithmenos_through_a_glass_darkly,
          lemuel_doored_altar, first_ration
D:5:      layout_basic, fedhas_altar_fruit_tree, xom_teletrap_fun, uniq_edmund
D:6:      layout_basic
D:7:      layout_loops_ring, slow_altar_2, overflow_temple_1_default,
          temple_pool_b, grunt_livestock
D:8:      layout_basic, grunt_decor_fettered, minmay_misc_feat_ornament,
          david_defended_altar_elf, uniq_harold
Temple:   nicolae_temple_elliptical

Skill      XL: |  1  2  3  4  5  6  7  8  9 10 |
---------------+-------------------------------+-----
Spellcasting   | 5 6 7 |  7.2
Invocations    | 1 2 3 4 5 |  5.5
Short Blades   | 1 2 3 4 5 |  5.0
Long Blades    | 1 2 3 4 5 |  5.0
Axes           | 1 2 3 4 5 |  5.0
Maces & Flails | 1 2 3 4 5 |  5.0
Staves         | 1 2 3 4 5 |  5.0
Slings         | 1 2 3 4 5 |  5.0
Bows           | 1 2 3 4 5 |  5.0
Crossbows      | 1 2 3 4 5 |  5.0
Stealth        | 1 2 3 4 5 |  5.0
Shields        | 1 2 3 4 5 |  5.0
Unarmed Combat | 1 2 3 4 5 |  5.0
Evocations     | 1 2 3 4 5 |  5.0
Conjurations   | 1 2 3 4 |  4.2
Hexes          | 1 2 3 4 |  4.2
Charms         | 1 2 3 4 |  4.2
Summonings     | 1 2 3 4 |  4.2
Necromancy     | 1 2 3 4 |  4.2
Transmutations | 1 2 3 4 |  4.2
Fire Magic     | 1 2 3 4 |  4.2
Ice Magic      | 1 2 3 4 |  4.2
Air Magic      | 1 2 3 4 |  4.2
Earth Magic    | 1 2 3 4 |  4.2
Poison Magic   | 1 2 3 4 |  4.2
Throwing       | 3 4 5 |  5.7
Armour         | 3 4 5 |  5.7
Fighting       | 5 6 |  6.9
Polearms       | 5 6 |  6.9
Dodging        | 5 6 |  6.9
Translocations | 6 7 |  7.0

Action                   |  1- 3 |  4- 6 |  7- 9 | 10-12 || total
-------------------------+-------+-------+-------+-------++-------
Melee: Spear             |   154 |   314 |    96 |       ||   564
       Bite              |     8 |    27 |    46 |     8 ||    89
       Punch             |       |     1 |     2 |     1 ||     4
       Trident           |       |       |   245 |    87 ||   332
 Fire: Hunting sling     |       |     6 |     8 |     5 ||    19
Throw: Dart              |       |     6 |    93 |    23 ||   122
       Boomerang         |       |       |     3 |     7 ||    10
 Cast: Blink             |       |     3 |    17 |     1 ||    21
  Use: Scroll            |       |       |    10 |     1 ||    11
 Stab: Sleeping          |       |     2 |     9 |     1 ||    12
  Eat: Chunk             |       |     8 |    13 |     1 ||    22
Armor: Leather armour    |     4 |       |       |       ||     4
       Ring mail         |    32 |    67 |    68 |    31 ||   198
Dodge: Dodged            |    91 |   161 |   211 |    82 ||   545
